A+ EAST
HUDSON VALLEY RENEGADES @ ROME BRAVES
05/22/2042
 
TOP OF THE 1ST
Hudson Valley Renegades batting - Pitching for Rome Braves : RHP Robbie Maddox
Pitching: RHP Robbie Maddox
Batting: RHB Luis Romero 0-0: Called Strike
0-1: Ball
1-1: Ball
2-1: Foul Ball, location: 2F
2-2: Ground out 5-3 (Groundball, 56, EV 101.9 MPH)
Batting: LHB Danny Roberts 0-0: Called Strike
0-1: Fly out, F4 (Popup, 34D, EV 58.8 MPH)
Batting: RHB Tony Cole 0-0: Ball
1-0: SOLO HOME RUN (Flyball, 78XD, EV 109.4 MPH), Distance : 405 ft
Batting: LHB Tony López 0-0: Ball
1-0: Ball
2-0: DOUBLE (Line Drive, 78D, EV 106.9 MPH)
Batting: RHB Juan Flores 0-0: Swinging Strike
0-1: Ball
1-1: Ball
2-1: Foul Ball, location: 2F
2-2: Fly out, F7 (Flyball, 78M, EV 100.0 MPH)
Top of the 1st over - 1 run, 2 hits, 0 errors, 1 left on base; Hudson Valley 1 - Rome 0
BOTTOM OF THE 1ST
Rome Braves batting - Pitching for Hudson Valley Renegades : RHP Jeff Ramos
Pitching: RHP Jeff Ramos
Batting: RHB Jorge Lugo 0-0: Called Strike
0-1: Ball
1-1: Ball
2-1: Foul Ball, location: 25F
2-2: Ball
3-2: Base on Balls
Batting: RHB António González 0-0: Ball
1-0: Sac Bunt to 13 - play at first, batter OUT! 1-3
Jorge Lugo to second
Batting: RHB Pete Saunders 0-0: Ball
1-0: Ball
2-0: Called Strike
2-1: Ball
3-1: Swinging Strike
3-2: Strikes out swinging
Batting: LHB Doug Cox 0-0: Foul Ball, location: 7LSF
0-1: Ball
1-1: 2-RUN HOME RUN (Flyball, 9LD, EV 96.3 MPH), Distance : 339 ft
Batting: LHB Charlie Gibson 0-0: Called Strike
0-1: Ball
1-1: Ball
2-1: Swinging Strike
2-2: Ball
3-2: Base on Balls
Batting: SHB Tomás Cruz 0-0: Ball
Charlie Gibson steals 2nd base
1-0: Called Strike
1-1: Swinging Strike
1-2: Ball
2-2: Strikes out looking
Bottom of the 1st over - 2 runs, 1 hit, 0 errors, 1 left on base; Hudson Valley 1 - Rome 2
TOP OF THE 2ND
Hudson Valley Renegades batting - Pitching for Rome Braves : RHP Robbie Maddox
Batting: RHB Donnie McIlzegowie 0-0: Fly out, F6 (Popup, 6MS, EV 73.1 MPH)
Batting: RHB Steve McAllister 0-0: Ball
1-0: Fly out, F7 (Flyball, 7, EV 92.5 MPH)
Batting: RHB Jim Unknown 0-0: Ball
1-0: Ball
2-0: Ground out 6-3 (Groundball, 6, EV 82.5 MPH)
Top of the 2nd over - 0 runs, 0 hits, 0 errors, 0 left on base; Hudson Valley 1 - Rome 2
BOTTOM OF THE 2ND
Rome Braves batting - Pitching for Hudson Valley Renegades : RHP Jeff Ramos
Batting: RHB Alfredo Paredes 0-0: SINGLE (Line Drive, 4D, EV 110.0 MPH)
Batting: RHB Josh Owens 0-0: Bunted foul
0-1: Bunt - Flyout to 23! F3
Batting: RHB Johnny Bonner 0-0: Swinging Strike
0-1: Called Strike
0-2: Strikes out swinging
Batting: RHB Jorge Lugo 0-0: Ball
1-0: Ball
2-0: Ball
3-0: Base on Balls
Alfredo Paredes to second
Batting: RHB António González 0-0: Ball
1-0: Foul Ball, location: 7LMF
1-1: Ball
2-1: Called Strike
2-2: Foul Ball, location: 2F
2-2: Foul Ball, location: 5FF
2-2: Strikes out looking
Bottom of the 2nd over - 0 runs, 1 hit, 0 errors, 2 left on base; Hudson Valley 1 - Rome 2
TOP OF THE 3RD
Hudson Valley Renegades batting - Pitching for Rome Braves : RHP Robbie Maddox
Batting: RHB Eric Richards 0-0: Swinging Strike
0-1: DOUBLE (Flyball, 89D, EV 99.4 MPH)
Batting: RHB Luis Romero 0-0: Ball
1-0: Ball
2-0: Ball
3-0: Called Strike
3-1: Foul Ball, location: 2F
3-2: Base on Balls
Batting: LHB Danny Roberts 0-0: Ball
1-0: Hit by Pitch
Eric Richards to third
Luis Romero to second
Batting: RHB Tony Cole 0-0: Called Strike
0-1: Ball
1-1: Ball
2-1: Ball
3-1: Base on Balls
Eric Richards scores
Luis Romero to third
Danny Roberts to second
Batting: LHB Tony López 0-0: Grounds into double play, 4-6-3 (Groundball, 4, EV 99.4 MPH)
Luis Romero scores
Danny Roberts to third
Batting: RHB Juan Flores 0-0: Ball
1-0: Ball
2-0: Ground out 5-3 (Groundball, 5L, EV 105.6 MPH)
Top of the 3rd over - 2 runs, 1 hit, 0 errors, 1 left on base; Hudson Valley 3 - Rome 2
BOTTOM OF THE 3RD
Rome Braves batting - Pitching for Hudson Valley Renegades : RHP Jeff Ramos
Batting: RHB Pete Saunders 0-0: Ball
1-0: Swinging Strike
1-1: Reached on error, E6 (Groundball, 6, EV 84.4 MPH)
Batting: LHB Doug Cox 0-0: Called Strike
Pete Saunders steals 2nd base
0-1: Ball
1-1: Ball
2-1: Called Strike
2-2: Strikes out looking
Batting: LHB Charlie Gibson 0-0: Foul Ball, location: 2F
0-1: Ball
1-1: Called Strike
1-2: Foul Ball, location: 7LSF
1-2: Ball
2-2: Foul Ball, location: 7LMF
2-2: Foul Ball, location: 7LMF
2-2: Foul Ball, location: 3F
2-2: Ball
3-2: Strikes out swinging
Batting: SHB Tomás Cruz 0-0: Ground out 2-3 (Groundball, 15S, EV 63.8 MPH)
Bottom of the 3rd over - 0 runs, 0 hits, 1 error, 1 left on base; Hudson Valley 3 - Rome 2
TOP OF THE 4TH
Hudson Valley Renegades batting - Pitching for Rome Braves : RHP Robbie Maddox
Batting: RHB Donnie McIlzegowie 0-0: Ball
1-0: Foul Ball, location: 3F
1-1: Called Strike
1-2: Ball
2-2: SINGLE (Line Drive, 4M, EV 101.3 MPH)
Batting: RHB Steve McAllister 0-0: Sac Bunt to P - play at first, batter OUT! 1-3
Donnie McIlzegowie to second
Batting: RHB Jim Unknown 0-0: Called Strike
0-1: Called Strike
0-2: Ground out 4-3 (Groundball, 34, EV 77.5 MPH)
Donnie McIlzegowie to third
Batting: RHB Eric Richards 0-0: Ball
1-0: Ball
2-0: Ball
3-0: Called Strike
3-1: Base on Balls
Batting: RHB Luis Romero 0-0: Fly out, F9 (Flyball, 9D, EV 110.6 MPH)
Top of the 4th over - 0 runs, 1 hit, 0 errors, 2 left on base; Hudson Valley 3 - Rome 2
BOTTOM OF THE 4TH
Rome Braves batting - Pitching for Hudson Valley Renegades : RHP Jeff Ramos
Batting: RHB Alfredo Paredes 0-0: Ground out U3 (Groundball, 3, EV 101.3 MPH)
Batting: RHB Josh Owens 0-0: Ball
1-0: Called Strike
1-1: Ball
2-1: Fly out, F8 (Flyball, 8RM, EV 100.0 MPH)
Batting: RHB Johnny Bonner 0-0: SOLO HOME RUN (Flyball, 7D, EV 92.5 MPH), Distance : 355 ft
Batting: RHB Jorge Lugo 0-0: Called Strike
0-1: Ball
1-1: Ball
2-1: Ball
3-1: Foul Ball, location: 2F
3-2: Foul Ball, location: 2F
3-2: Fly out, F3 (Popup, 3, EV 76.9 MPH)
Bottom of the 4th over - 1 run, 1 hit, 0 errors, 0 left on base; Hudson Valley 3 - Rome 3
TOP OF THE 5TH
Hudson Valley Renegades batting - Pitching for Rome Braves : RHP Robbie Maddox
Batting: LHB Danny Roberts 0-0: Fly out, F9 (Flyball, 9D, EV 95.6 MPH)
Batting: RHB Tony Cole 0-0: Ball
1-0: Ground out 5-3 (Groundball, 5, EV 105.6 MPH)
Batting: LHB Tony López 0-0: Ball
1-0: Ground out U3 (Groundball, 3S, EV 76.9 MPH)
Top of the 5th over - 0 runs, 0 hits, 0 errors, 0 left on base; Hudson Valley 3 - Rome 3
BOTTOM OF THE 5TH
Rome Braves batting - Pitching for Hudson Valley Renegades : RHP Jeff Ramos
Pitching: RHP Jim Unknown
Batting: RHB António González 0-0: Ball
1-0: Ball
2-0: Ball
3-0: Called Strike
3-1: Base on Balls
Batting: RHB Pete Saunders 0-0: Ball
1-0: Called Strike
1-1: Ball
2-1: Swinging Strike
2-2: Strikes out swinging
Batting: LHB Doug Cox 0-0: Foul Ball, location: 2F
0-1: Ball
1-1: Ball
2-1: Ball
3-1: Called Strike
3-2: Base on Balls
António González to second
Batting: LHB Charlie Gibson 0-0: Foul Ball, location: 25F
0-1: Ball
1-1: Called Strike
1-2: Foul Ball, location: 25F
1-2: SINGLE (Groundball, 25, EV 68.1 MPH) (infield hit)
António González to third
Doug Cox to second
Batting: SHB Tomás Cruz 0-0: Fly out, F7 (Flyball, 78S, EV 90.6 MPH)
Pinch Hitting: LHB Luis Martínez 0-0: Ball
1-0: Ball
2-0: Foul Ball, location: 5FF
2-1: Foul Ball, location: 5F
2-2: Foul Ball, location: 3F
2-2: Ball
3-2: Base on Balls
António González scores
Doug Cox to third
Charlie Gibson to second
Batting: RHB Josh Owens 0-0: Ball
1-0: Called Strike
1-1: Ball
2-1: Ball
3-1: Base on Balls
Doug Cox scores
Charlie Gibson to third
Luis Martínez to second
Batting: RHB Johnny Bonner 0-0: Ball
1-0: Foul Ball, location: 2F
1-1: Ball
2-1: Ball
3-1: Base on Balls
Charlie Gibson scores
Luis Martínez to third
Josh Owens to second
Batting: RHB Jorge Lugo 0-0: Ball
1-0: Ball
2-0: Ball
3-0: Base on Balls
Luis Martínez scores
Josh Owens to third
Johnny Bonner to second
Pitching: RHP Jim Unknown
Batting: RHB António González 0-0: Ball
1-0: Ball
2-0: Ball
3-0: Called Strike
3-1: SINGLE (Groundball, 6MD, EV 105.0 MPH)
Josh Owens scores
Johnny Bonner to third
Jorge Lugo to second
Runner from 3rd tries for Home, SAFE, throw by CF to home
Batting: RHB Pete Saunders 0-0: Ball
1-0: Swinging Strike
1-1: Ball
2-1: Called Strike
2-2: Foul Ball, location: 5F
2-2: Fly out, F8 (Flyball, 89M, EV 87.5 MPH)
Bottom of the 5th over - 6 runs, 2 hits, 0 errors, 2 left on base; Hudson Valley 3 - Rome 9
TOP OF THE 6TH
Hudson Valley Renegades batting - Pitching for Rome Braves : RHP Robbie Maddox
Now at 2B: Álex Beltrán
Batting: RHB Juan Flores 0-0: Ball
1-0: Foul Ball, location: 2F
1-1: Fly out, F5 (Flyball, 56D, EV 98.1 MPH)
Batting: RHB Donnie McIlzegowie 0-0: Ball
1-0: Ball
2-0: Ball
3-0: Base on Balls
Batting: RHB Steve McAllister 0-0: Swinging Strike
0-1: Ball
1-1: Swinging Strike
1-2: Strikes out swinging
Batting: RHB Jim Unknown 0-0: Called Strike
0-1: Ball
1-1: Ball
2-1: Swinging Strike
2-2: Foul Ball, location: 23F
2-2: Strikes out swinging
Top of the 6th over - 0 runs, 0 hits, 0 errors, 1 left on base; Hudson Valley 3 - Rome 9
BOTTOM OF THE 6TH
Rome Braves batting - Pitching for Hudson Valley Renegades : RHP Jim Unknown
Batting: LHB Doug Cox 0-0: Foul Ball, location: 25FF
0-1: Ball
1-1: Ball
2-1: Foul Ball, location: 3SF
2-2: Ball
3-2: Base on Balls
Batting: LHB Charlie Gibson 0-0: Ball
1-0: Called Strike
1-1: Grounds into double play, 6-4-3 (Groundball, 6M, EV 90.0 MPH)
Batting: SHB Tomás Cruz 0-0: Called Strike
0-1: Ball
1-1: SOLO HOME RUN (Flyball, 9D, EV 95.6 MPH), Distance : 364 ft
Batting: RHB Álex Beltrán 0-0: Called Strike
0-1: SINGLE (Line Drive, 78S, EV 86.9 MPH)
Batting: RHB Josh Owens 0-0: Ball
1-0: Ball
2-0: Ball
3-0: Called Strike
3-1: Base on Balls
Álex Beltrán to second
Batting: RHB Johnny Bonner 0-0: Ball
1-0: Ball
2-0: Ball
3-0: Called Strike
3-1: Called Strike
3-2: Fly out, F9 (Line Drive, 9, EV 94.4 MPH)
Bottom of the 6th over - 1 run, 2 hits, 0 errors, 2 left on base; Hudson Valley 3 - Rome 10
TOP OF THE 7TH
Hudson Valley Renegades batting - Pitching for Rome Braves : RHP Robbie Maddox
Pinch Hitting: RHB Jim Unknown 0-0: Called Strike
0-1: Ball
1-1: Called Strike
1-2: Ball
2-2: Ground out 3-1 (Groundball, 34, EV 86.9 MPH)
Pinch Hitting: SHB Jim Unknown 0-0: Foul Ball, location: 5SF
0-1: Ball
1-1: Fly out, F3 (Line Drive, 3, EV 68.1 MPH)
Batting: LHB Danny Roberts 0-0: SINGLE (Line Drive, 8LS, EV 103.8 MPH)
Pinch Hitting: LHB Jim Unknown 0-0: Ground out U3 (Groundball, 3, EV 86.9 MPH)
Top of the 7th over - 0 runs, 1 hit, 0 errors, 1 left on base; Hudson Valley 3 - Rome 10
BOTTOM OF THE 7TH
Rome Braves batting - Pitching for Hudson Valley Renegades : RHP Jim Unknown
Now at 1B: Jim Unknown
Now at 2B: Jim Unknown
Now at 3B: Jim Unknown
Batting: RHB Jorge Lugo 0-0: SINGLE (Groundball, 25, EV 68.8 MPH) (infield hit)
Batting: RHB António González 0-0: Ball
1-0: Ball
2-0: Ball
3-0: Base on Balls
Jorge Lugo to second
Pinch Hitting: RHB Danny Riach 0-0: Ball
1-0: Ball
2-0: Called Strike
2-1: Foul Ball, location: 25F
2-2: Grounds into double play, 5-4-3 (Groundball, 56, EV 99.4 MPH)
Jorge Lugo to third
Batting: LHB Doug Cox 0-0: Ball
1-0: Ball
2-0: Ground out U3 (Groundball, 34, EV 83.8 MPH)
Bottom of the 7th over - 0 runs, 1 hit, 0 errors, 1 left on base; Hudson Valley 3 - Rome 10
TOP OF THE 8TH
Hudson Valley Renegades batting - Pitching for Rome Braves : RHP Robbie Maddox
Now in LF: Danny Riach
Batting: LHB Tony López 0-0: Ball
1-0: Swinging Strike
1-1: Foul Ball, location: 7LDF
1-2: Ball
2-2: Ball
3-2: Strikes out swinging
Pinch Hitting: LHB Jim Unknown 0-0: Ball
1-0: Foul Ball, location: 9LMF
1-1: Ball
2-1: Swinging Strike
2-2: Foul Ball, location: 5SF
2-2: Strikes out looking
Batting: RHB Donnie McIlzegowie 0-0: Swinging Strike
0-1: Fly out, F6 (Popup, 6MS, EV 63.1 MPH)
Top of the 8th over - 0 runs, 0 hits, 0 errors, 0 left on base; Hudson Valley 3 - Rome 10
BOTTOM OF THE 8TH
Rome Braves batting - Pitching for Hudson Valley Renegades : RHP Jim Unknown
Now in RF: Jim Unknown
Batting: LHB Charlie Gibson 0-0: Ball
1-0: DOUBLE (Flyball, 8RXD, EV 113.1 MPH)
Pitching: RHP Jim Unknown
Batting: SHB Tomás Cruz 0-0: Fly out, F8 (Flyball, 8LXD, EV 103.8 MPH)
Runner from 2nd tags up, SAFE at 3rd, no throw by CF
Batting: RHB Álex Beltrán 0-0: Ball
1-0: Ball
2-0: Called Strike
2-1: Swinging Strike
2-2: Foul Ball, location: 5SF
2-2: Strikes out swinging
Batting: RHB Josh Owens 0-0: Ball
1-0: Ball
2-0: Foul Ball, location: 5F
2-1: Fly out, F4 (Line Drive, 4M, EV 73.8 MPH)
Bottom of the 8th over - 0 runs, 1 hit, 0 errors, 1 left on base; Hudson Valley 3 - Rome 10
TOP OF THE 9TH
Hudson Valley Renegades batting - Pitching for Rome Braves : RHP Robbie Maddox
Pitching: RHP Héctor López
Batting: RHB Steve McAllister 0-0: Foul Ball, location: 2F
0-1: Ball
1-1: Ball
2-1: Foul Ball, location: 9LDF
2-2: Ground out 6-3 (Groundball, 6D, EV 111.3 MPH)
Pinch Hitting: RHB Steve Blankenship 0-0: Foul Ball, location: 2F
0-1: Foul Ball, location: 9LDF
0-2: Foul Ball, location: 3F
0-2: Ball
1-2: SINGLE (Groundball, 6D, EV 104.4 MPH)
Batting: RHB Jim Unknown 0-0: Called Strike
0-1: Foul Ball, location: 2F
0-2: Strikes out swinging
Batting: SHB Jim Unknown 0-0: Foul Ball, location: 2F
0-1: Ball
1-1: Called Strike
1-2: Foul Ball, location: 7LMF
1-2: Ball
2-2: Strikes out swinging
Top of the 9th over - 0 runs, 1 hit, 0 errors, 1 left on base; Hudson Valley 3 - Rome 10
Friday, May 3rd , 2024 - OOTP Baseball 24.10 Build 82